 Dungeon Crawl Stone Soup version 0.31-a0-185-g9dded2c639 (webtiles) character file.

Game seed: 17815753405273204397

51 qw the Shooter (level 3, -1/20 HPs)
             Began as a Deep Elf Hunter on June 22, 2023.
             Succumbed to an adder's poison
             ... on level 2 of the Dungeon.
             The game lasted 00:00:25 (914 turns).

qw the Shooter (Deep Elf Hunter)                     Turns: 914, Time: 00:00:26

Health: -1/20      AC:  5    Str: 10    XL:     3   Next: 57%
Magic:  5/5        EV: 11    Int: 13    God:
Gold:   52         SH:  0    Dex: 18    Spells: 2/2 levels left

rFire   . . .        Y - +0 shortbow
rCold   . . .        (shield currently unavailable)
rNeg    . . .        i - +0 ring mail
rPois   .            (no helmet)
rElec   .            (no cloak)
rCorr   .            (no gloves)
SInv    .            (no boots)
Will    .....        (no amulet)
Stlth   +            (no ring)
HPRegen 0.23/turn    (no ring)
MPRegen 0.09/turn

%: no passive effects
@: lethally poisoned (-1 -> -7)
A: no striking features
a: no special abilities


You were on level 2 of the Dungeon.
You visited 1 branch of the dungeon, and saw 2 of its levels.

You collected 52 gold pieces.


   Skills:
 - Level 1.5 Fighting
 + Level 7.1 Ranged Weapons
 - Level 2.4 Dodging
 - Level 1.2 Stealth


You had 2 spell levels left.
You didn't know any spells.
Your spell library was empty.

Inventory:

Hand Weapons
 Y - a +0 shortbow (weapon)
Armour
 i - a +0 ring mail (worn)
Scrolls
 a - a scroll of identify
Potions
 b - a potion of berserk rage {unknown}
 f - a potion of enlightenment
 g - a potion of degeneration {unknown}

Dungeon Overview and Level Annotations

Branches:
Dungeon (2/15)

Altars:


Message History

An adder comes into view.
Enter note:
Enter note:
Enter note: You shoot an arrow.
The arrow closely misses the adder.
The adder hisses angrily.
You shoot an arrow. The arrow barely misses the adder.
An adder is nearby!
Enter note:
Enter note:
Enter note: You shoot an arrow.
The arrow misses the adder.
You shoot an arrow. The arrow barely misses the adder.
The adder bites you but does no damage.
You shoot an arrow. The arrow closely misses the adder.
The adder bites you.
You are poisoned.
The adder poisons you! The adder misses you.
You shoot an arrow.
The arrow hits the adder but does no damage.
You feel sick. The adder closely misses you.
You shoot an arrow. The arrow barely misses the adder.
You feel sick. The adder bites you but does no damage. The adder bites you.
You are more poisoned.
The adder poisons you!
You shoot an arrow. The arrow closely misses the adder.
You feel sick. The adder barely misses you. The adder bites you.
You are lethally poisoned!
The adder poisons you!
You shoot an arrow. The arrow barely misses the adder.
You feel very sick. The adder barely misses you.
You shoot an arrow. The arrow hits the adder!
The adder is severely wounded.
You feel sick. The adder barely misses you.
The adder bites you but does no damage.
You shoot an arrow.
The arrow hits the adder but does no damage.
The adder is severely wounded.
You die...

#..######.### #..#
...<........##
#####.##
#.........#..# #.....#
#.........##.###.#####
#.#.......##.....#
#.......##....##
........###.#.#
#...><..# #.#S######
#......)# ..#.@....#
.####.....# #. #.....#
# #.....# #.....#
##....# ....# [...#


You could see an adder.

Vanquished Creatures
  2 adders (D:2)
  2 dart slugs
  3 giant cockroaches
  2 goblins
  2 hobgoblins
  3 quokkas (D:1)
  4 ball pythons
  2 bats (D:2)
  A frilled lizard (D:1)
  5 kobolds (D:1)
  3 rats (D:1)
29 creatures vanquished.

Notes
Turn   | Place    | Note
-------+----------+-------------------------------------------
     0 | D:1      | qw the Deep Elf Hunter began the quest for the Orb.
     0 | D:1      | Reached XP level 1. HP: 12/12 MP: 3/3
     0 | D:1      | 0 ||| qw: Version: 0.3-a-9-g12657ce
     0 | D:1      | 0 ||| qw: Game counter: 1718
     0 | D:1      | 0 ||| qw: Always use a shield: true
     0 | D:1      | 0 ||| qw: God list: Okawaru
     0 | D:1      | 0 ||| qw: Allow faded altars: false
     0 | D:1      | 0 ||| qw: Do Orc after D:15 true
     0 | D:1      | 0 ||| qw: Do second Lair branch before Depths: true
     0 | D:1      | 0 ||| qw: Lair rune preference: random
     0 | D:1      | 0 ||| qw: Plans: Normal
     0 | D:1      | 0 ||| PLANNING D:1-11
   132 | D:1      | Reached XP level 2. HP: 16/16 MP: 4/4
   136 | D:1      | Reached skill level 6 in Ranged Weapons
   615 | D:1      | 615 ||| UPGRADING to +0 scale mail.
   625 | D:1      | 625 ||| DROPPING +0 leather armour.
   626 | D:1      | 626 ||| UPGRADING to +0 ring mail.
   636 | D:1      | 636 ||| DROPPING +0 scale mail.
   637 | D:1      | 637 ||| READING 3 scrolls labelled SUCUSU RUBRATY.
   638 | D:1      | 638 ||| READING scroll labelled CEPSAT WYED.
   666 | D:1      | 666 ||| DRINKING 2 lumpy pink potions.
   667 | D:1      | 667 ||| READING 2 scrolls of identify.
   667 | D:1      | 667 ||| IDENTIFYING murky purple potion
   668 | D:1      | 668 ||| DROPPING scroll of butterflies.
   669 | D:1      | 669 ||| DROPPING potion of attraction.
   683 | D:2      | Reached XP level 3. HP: 20/20 MP: 5/5
   728 | D:2      | Reached skill level 7 in Ranged Weapons
   792 | D:2      | 792 ||| FLEEEEING.
   796 | D:2      | 796 ||| FLEEEEING.
   798 | D:2      | 798 ||| FLEEEEING.
   799 | D:2      | 799 ||| FLEEEEING.
   800 | D:2      | 800 ||| FLEEEEING.
   801 | D:2      | 801 ||| FLEEEEING.
   802 | D:2      | 802 ||| FLEEEEING.
   803 | D:2      | 803 ||| FLEEEEING.
   804 | D:2      | 804 ||| FLEEEEING.
   805 | D:2      | 805 ||| FLEEEEING.
   806 | D:2      | 806 ||| FLEEEEING.
   807 | D:2      | 807 ||| FLEEEEING.
   808 | D:2      | 808 ||| FLEEEEING.
   912 | D:2      | HP: 3/20 [poisoned by an adder]
   913 | D:2      | HP: 1/20 [poisoned by an adder]
   914 | D:2      | Succumbed to an adder's poison

Levels and vault maps discovered:
D:1:      giann_bridges, layout_basic
D:2:      layout_rooms, minmay_strange_pillars

Skill      XL: |  1  2  3 |
---------------+----------+-----
Ranged Weapons | 6 7 |  7.1
Fighting       | |  1.5
Dodging        | |  2.4
Stealth        | |  1.2

Action                     || total
---------------------------++-------
   Fire: Shortbow          ||    74
    Use: Scroll            ||     3
         Potion            ||     1
 Armour: Ring mail         ||    18
         Leather armour    ||     1
  Dodge: Dodged            ||    29

Table legend:
 A = Non-vault XP
 B = Vault XP
 C = Vault XP percentage of total XP
 D = Non-vault monster count
 E = Vault monster count
 F = Vault count percentage of total count
                 A         B        C        D         E       F
            +---------+---------+-------+---------+---------+-------
      Total |      73 |       0 |   0.0 |      29 |       0 |   0.0
            +---------+---------+-------+---------+---------+-------
        D:1 |      32 |       0 |   0.0 |      20 |       0 |   0.0
        D:2 |      41 |       0 |   0.0 |       9 |       0 |   0.0
            +---------+---------+-------+---------+---------+-------
